Map: [ESL] Tropical Sacrifice

Players

ByuN

  • Race: Terran Terran
  • Spawn Location: 7:00

HeroMarine - Winner!

  • Race: Terran Terran
  • Spawn Location: 1:00

VOD

Have the link to the VOD?

Description

Time

  • Played on: Nov. 16, 2022, 11:47 p.m.
  • Length: 4:27
Show
View Real Time Build Order
Export as new Build Order

ByuN Terran 

Build Orders: Hellion Opening, Reaper Expand 

Get SALT Encoding   

  12  0:00  SCV  
  13  0:12  SCV  
  14  0:17  Supply Depot  
  14  0:24  SCV  
  15  0:39  SCV  
  15  0:40  Barracks  
  16  0:44  Refinery  
  16  0:51  SCV  
  17  1:03  SCV  
  18  1:15  SCV  
  19  1:27  Reaper  
  19  1:28  Orbital Command  
  20  1:41  Command Center  
  20  1:51  Supply Depot  
  21  1:54  SCV  
  21  1:59  Marine  
  22  2:05  Factory  
  22  2:11  SCV  
  22  2:14  Refinery  
  23  2:21  Barracks Reactor  
  23  2:23  SCV  
  24  2:35  SCV  
  25  2:47  SCV  
  25  2:50  Starport  
  26  2:53  Orbital Command  
  26  2:59  SCV  
  26  3:01  Hellion x2  
  26  3:03  Barracks Tech Lab  
  31  3:11  SCV  
  32  3:20  SCV  
  32  3:22  Hellion x2  
  32  3:23  SCV  
  38  3:31  Raven  
  38  3:32  SCV  
  38  3:33  Supply Depot  
  41  3:36  Barracks Tech Lab  
  41  3:37  SCV, Refinery  
  42  3:44  Hellion x2  
  46  3:55  Supply Depot, SCV x2  
  48  4:07  SCV x2  
  55  4:18  Supply Depot  
Show
View Real Time Build Order
Export as new Build Order

HeroMarine Terran - Winner!

Build Orders:  

Get SALT Encoding   

  12  0:00  SCV  
  13  0:12  SCV  
  14  0:17  Supply Depot  
  14  0:24  SCV  
  15  0:39  SCV, Barracks  
  16  0:45  Refinery  
  16  0:51  SCV  
  16  0:54  Refinery  
  17  1:03  SCV  
  18  1:15  SCV  
  19  1:27  Orbital Command, Reaper  
  19  1:31  Supply Depot  
  20  1:44  Factory  
  20  1:53  SCV  
  21  1:59  Reaper  
  22  2:05  SCV  
  23  2:17  SCV  
  23  2:20  Command Center  
  24  2:28  Hellion  
  24  2:29  SCV  
  27  2:31  Reaper  
  28  2:37  Supply Depot  
  28  2:41  SCV  
  29  2:49  Widow Mine  
  31  2:59  SCV, Starport  
  31  3:03  Barracks Reactor  
  32  3:11  SCV, Factory Tech Lab  
  33  3:16  Refinery  
  33  3:23  SCV  
  34  3:29  Cyclone  
  34  3:31  Orbital Command  
  37  3:35  SCV, Starport Tech Lab  
  37  3:40  Marine x2  
  40  3:47  SCV  
  43  3:58  SCV  
  43  3:59  SCV  
  45  4:08  Command Center  
  45  4:13  Supply Depot  
  45  4:14  SCV  
Tags
 
Add a new tag
Caveats
  • Supply blocks, unpowered buildings, or Contaminate may cause inaccurate times.
  • Supply counts are checked every 10 seconds.